 Dungeon Crawl Stone Soup version 0.18.1-6-gd335043 (webtiles) character file.

6 Liquid the Digger (level 1, 0/11 HPs)
             Began as an Octopode Earth Elementalist on May 15, 2016.
             Killed from afar by a dart slug (7 damage)
             ... with a slug dart
             ... on level 1 of the Dungeon.
             The game lasted 00:01:01 (122 turns).

Liquid the Digger (Octopode Earth Elementalist)      Turns: 122, Time: 00:01:02

Health: 0/11       AC:  1    Str:  7    XL:     1   Next: 90%
Magic:  0/3        EV: 12    Int: 17    God:
Gold:   6          SH:  0    Dex: 12    Spells: 1 memorised, 3 levels left

rFire  . . .     SeeInvis .     (no weapon)
rCold  . . .     Gourm    .     (no shield)
rNeg   . . .     Faith    .     (helmet restricted)
rPois  .         Spirit   .     (no amulet)
rElec  .         Dismiss  .     (no ring)
rCorr  .         Reflect  .     (no ring)
SustAt .         Harm     .     (no ring)
MR     .....                    (no ring)
Stlth  +++.......               (no ring)
                                (no ring)
                                (no ring)
                                (no ring)

@: not resistant to hostile enchantments, fairly stealthy
A: almost no armour, amphibious, 8 rings, constrict 8, camouflage 1, gelatinous
body 1
a: no special abilities


You were on level 1 of the Dungeon.
You were not hungry.

You visited 1 branch of the dungeon, and saw 1 of its levels.

You collected 6 gold pieces.

Inventory:

Missiles
 a - 20 stones (quivered)
Scrolls
 e - a scroll of recharging {unknown}
 f - a scroll of immolation {unknown}
Potions
 d - a potion of curing {unknown}
 g - a potion of haste {unknown}
Books
 b - a book of Geomancy

   Spells                             Type                      Level
   a - Sandblast                      Earth                        1
   b - Passwall                       Transmutation/Earth          2
   c - Stone Arrow                    Conjuration/Earth            3
   d - Petrify                        Transmutation/Earth          4
   e - Lee's Rapid Deconstruction     Earth                        5
Comestibles
 c - a bread ration
 h - a chunk of flesh


   Skills:
 + Level 2.1 Dodging
 - Level 2.6 Stealth
 + Level 2.2 Spellcasting
   Level 1.0 Transmutations
 * Level 3.1 Earth Magic


You had 3 spell levels left.
You knew the following spells:

 Your Spells              Type           Power        Failure   Level  Hunger
a - Sandblast             Erth           ##....       6%          1    #......


Dungeon Overview and Level Annotations

Branches:
Dungeon (1/15)

Altars:


Innate Abilities, Weirdness & Mutations

You cannot wear most types of armour.
You are amphibious.
You can wear up to eight rings at the same time.
You can use your tentacles to constrict eight enemies at once.
Your skin changes colour to match your surroundings (Stealth).
Your rubbery body absorbs attacks (AC +1).


Message History

Confirm with . or Enter, or press ? or * to list all spells.
Aiming: Sandblast
Press: ? - help, Shift-Dir - straight line, f - dart slug
Aim: a dart slug (heavily wounded, clinging) Out of range.
Okay, then.
You tentacle-slap the giant cockroach but do no damage.
You squeeze the giant cockroach.
You kill the giant cockroach!
Casting: Sandblast
Confirm with . or Enter, or press ? or * to list all spells.
Aiming: Sandblast
Press: ? - help, Shift-Dir - straight line, f - goblin
Aim: a goblin, wielding a dagger The blast of sand hits the goblin.
You kill the goblin!
The dart slug launches a dart at you. The slug dart hits you!
Ouch! That really hurt!
You die...

.. #.# ...#.# ... #..
>.... ..##.# s..# =..#
w.. #.###.###..# #..
#..((s.....# #.########
#...#......#
#.#......#.#w#.#..#####
#.#.####.#>#@#.#.##
#.#.# #.#.#.#.#.#
#.#.####.#.#.#.#.#
###.#......#.#.#.#.#
###..........#.#.#.#.#
....#.#####.##.#.#.#
#####..........#.#
.....######......#
####.# ########


You could see a dart slug.

Vanquished Creatures
  A giant gecko (D:1)
  A giant cockroach (D:1)
  A goblin (D:1)
  A kobold (D:1)
  A rat (D:1)
5 creatures vanquished.

Notes
Turn   | Place    | Note
--------------------------------------------------------------
     0 | D:1      | Liquid the Octopode Earth Elementalist began the quest for the Orb.
     0 | D:1      | Reached XP level 1. HP: 11/11 MP: 3/3
     2 | D:1      | Noticed a centaur
     2 | D:1      | Noticed a naga
     4 | D:1      | Noticed a halfling
     4 | D:1      | Noticed a merfolk
     6 | D:1      | Noticed a spriggan
     6 | D:1      | Noticed a vine stalker
     8 | D:1      | Noticed a draconian
     8 | D:1      | Noticed a demigod
    10 | D:1      | Noticed a demonspawn
    10 | D:1      | Noticed a tengu
    12 | D:1      | Noticed a troll
    12 | D:1      | Noticed a vampire
    14 | D:1      | Noticed a formicid
    14 | D:1      | Noticed a ghoul
    16 | D:1      | Noticed a gargoyle
    19 | D:1      | Noticed an octopode
    22 | D:1      | Noticed a felid
    22 | D:1      | Noticed a minotaur
    24 | D:1      | Noticed a dwarf
    26 | D:1      | Noticed an ogre
    26 | D:1      | Noticed an elf
    28 | D:1      | Noticed a human
   122 | D:1      | Killed from afar by a dart slug

Action                   || total
-------------------------++-------
Melee: Unarmed           ||    13
       Constrict         ||     3
       Tentacles         ||     2
 Cast: Sandblast         ||     5
Armor: Skin              ||     3
Dodge: Dodged            ||     9
